Map: Cosmic Sapphire

Players

A.I. 1 (Very Easy)

  • Race: Terran Terran
  • Spawn Location: 5:00

LoneGoomba - Winner!

  • Race: Terran Terran
  • League: Silver
  • Spawn Location: 11:00

VOD

Have the link to the VOD?

Description

Time

  • Played on: Sept. 23, 2022, 5:54 p.m.
  • Length: 12:34
Show
View Real Time Build Order
Export as new Build Order

A.I. 1 (Very Easy) Terran 

Build Orders:  

Get SALT Encoding   

  12  0:00  SCV  
  13  0:13  SCV  
  14  0:18  Supply Depot  
  14  0:37  Refinery  
  14  0:42  Barracks  
  14  1:03  Supply Depot  
  14  1:11  Refinery  
  14  1:28  SCV  
  14  1:29  Marine  
  16  1:40  SCV  
  17  1:52  SCV  
  18  2:04  SCV, Marine  
  20  2:16  SCV  
  21  2:28  SCV  
  22  2:39  Marine  
  22  2:41  Orbital Command  
  23  5:04  SCV  
  23  5:32  Marine  
  23  5:35  Supply Depot  
  21  5:50  SCV  
  21  5:59  Factory  
  21  6:00  Marine  
  21  6:02  SCV  
  20  6:14  SCV  
  21  6:27  SCV  
  21  6:29  Marine  
  23  6:39  SCV  
  24  6:43  Supply Depot  
  24  6:46  Starport  
  24  6:51  SCV  
  25  6:58  Marine  
  26  7:02  Command Center  
  26  7:03  SCV  
  27  7:15  SCV  
  28  7:22  Starport Tech Lab  
  28  7:27  SCV  
  29  7:32  Marine  
  30  7:41  Raven  
  32  7:51  Barracks Tech Lab  
  32  8:10  Marauder  
  34  8:15  SCV  
  35  8:22  SCV  
  35  8:24  Raven  
  35  8:25  Refinery  
  38  8:27  Refinery  
  38  8:29  SCV  
  39  8:36  SCV  
  40  8:44  SCV  
  41  8:51  SCV  
  42  8:58  SCV  
  43  9:05  SCV  
  44  9:12  SCV  
  45  9:19  SCV  
  46  9:27  SCV  
  47  9:34  SCV  
  48  9:41  SCV  
  49  9:48  SCV  
  50  11:15  Medivac, Factory Tech Lab  
  50  11:17  Supply Depot  
  52  11:33  Siege Tank  
  53  11:44  Raven  
  55  11:53  SCV  
  52  11:54  Supply Depot  
  40  12:05  SCV  
Show
View Real Time Build Order
Export as new Build Order

LoneGoomba Terran - Winner!

Build Orders: Reaper Expand 

Get SALT Encoding   

  12  0:00  SCV  
  13  0:12  SCV  
  14  0:17  Supply Depot  
  14  0:24  SCV  
  15  0:39  SCV  
  15  0:40  Barracks  
  16  0:45  Refinery  
  16  0:53  SCV  
  17  1:07  SCV  
  18  1:19  SCV  
  19  1:28  Reaper  
  20  1:33  Orbital Command  
  20  1:40  Refinery  
  20  1:46  Command Center  
  20  2:00  Marine  
  21  2:05  Factory  
  21  2:11  SCV  
  22  2:23  SCV  
  22  2:24  Barracks Tech Lab  
  22  2:25  Supply Depot  
  23  2:36  SCV  
  23  2:46  Marine  
  23  2:48  SCV  
  25  2:52  Factory Reactor  
  25  3:00  SCV  
  25  3:03  Orbital Command  
  26  3:06  Supply Depot  
  26  3:07  Marine  
  26  3:12  SCV  
  28  3:21  Starport  
  28  3:24  SCV  
  28  3:25  Marine  
  30  3:28  Supply Depot  
  30  3:30  SCV  
  31  3:34  Hellion  
  31  3:36  SCV, Hellion  
  36  3:42  SCV  
  36  3:43  Marine  
  38  3:48  SCV  
  38  3:54  SCV  
  40  3:58  Supply Depot  
  40  3:59  Supply Depot  
  40  4:01  SCV  
  41  4:06  SCV, Marine  
  41  4:09  Hellion  
  45  4:13  SCV  
  46  4:23  SCV  
  47  4:26  SCV  
  48  4:35  SCV  
  49  4:38  Starport Tech Lab  
  49  4:40  Starport Reactor  
  49  4:43  Siege Tank  
  52  4:47  Marine x2  
  54  4:54  Refinery  
  54  4:55  Refinery  
  54  5:04  Marine  
  54  5:05  Marine  
  54  5:06  Engineering Bay  
  56  5:13  Engineering Bay, Supply Depot  
  56  5:14  SCV x2  
  56  5:15  Supply Depot  
  58  5:22  Marine x2  
  58  5:24  Siege Tank  
  58  5:26  SCV  
  58  5:27  SCV, Medivac  
  67  5:33  Supply Depot  
  65  5:37  Supply Depot  
  65  5:38  SCV  
  65  5:39  SCV  
  65  5:40  Marine x2  
  69  5:50  SCV  
  69  5:51  SCV  
  71  6:02  SCV  
  71  6:03  SCV  
  73  6:07  Terran Infantry Armor Level 1, Terran Infantry Weapons Level 1  
  73  6:11  Command Center  
  73  6:14  SCV, Marine x2  
  73  6:15  SCV  
  77  6:20  Medivac x2  
  77  6:23  Siege Tank  
  84  6:27  SCV x2  
  84  6:32  Marine x2  
  88  6:39  SCV  
  89  6:50  Medivac x2  
  93  6:55  Armory  
  93  6:57  SCV x2  
  93  7:00  Marine x2  
  97  7:08  Supply Depot  
  97  7:09  SCV x2, Supply Depot  
  99  7:18  Marine x2  
  99  7:21  SCV x2  
  103  7:30  Barracks x3  
  103  7:32  Barracks  
  103  7:33  SCV x2  
  103  7:35  Barracks  
  103  7:36  Marine x2  
  108  7:39  Orbital Command  
  107  7:45  SCV x2  
  107  7:51  Siege Tank  
  112  7:53  Marine  
  112  7:54  Medivac x2  
  112  7:57  SCV  
  112  7:58  SCV  
  119  8:01  Terran Infantry Armor Level 2  
  119  8:02  Terran Infantry Weapons Level 2  
  119  8:07  SCV  
  119  8:08  Refinery  
  119  8:09  SCV  
  119  8:10  SCV  
  119  8:11  Refinery  
  122  8:19  SCV  
  123  8:20  Barracks Tech Lab x2  
  123  8:21  SCV, Barracks Reactor x2  
  123  8:22  SCV  
  123  8:26  Supply Depot  
  125  8:28  Supply Depot  
  125  8:31  SCV, Barracks Reactor  
  125  8:32  Marine x2  
  125  8:33  SCV  
  129  8:34  Siege Tank  
  129  8:35  Medivac x2  
  136  8:50  Marine x2  
  138  8:56  Command Center  
  138  9:00  Supply Depot  
  138  9:06  Combat Shield, Supply Depot  
  138  9:07  Marine, Stimpack, Supply Depot  
  138  9:08  Marine  
  140  9:11  Marauder  
  140  9:12  Marine x2, Marauder  
  146  9:25  Marine x5  
  146  9:26  Marine  
  146  9:30  Marine x2  
  146  9:31  Siege Tank  
  157  9:33  Marauder x2  
  157  9:34  Medivac x2  
  165  9:43  Marine x4  
  169  9:54  Marauder  
  169  9:55  Marauder  
  173  10:00  Marine x5  
  173  10:01  Marine x3  
  179  10:08  Refinery x2, Supply Depot  
  179  10:09  Supply Depot  
  177  10:16  Marauder x2  
  177  10:18  Marine x4  
  185  10:25  Concussive Shells  
  185  10:29  Planetary Fortress  
  185  10:37  Marauder  
  185  10:41  SCV  
  188  10:54  Marine x8, Marauder  
  198  10:58  Marauder  
Tags
 
League
Silver
Matchup
TvT
Race
Terran
Spawn Locations
Cross Positions
Add a new tag
Caveats
  • Supply blocks, unpowered buildings, or Contaminate may cause inaccurate times.
  • Supply counts are checked every 10 seconds.